 Dungeon Crawl Stone Soup version 0.24-a0-307-gf989941 (webtiles) character file.

Game seed: 2574686915033678827

10471 Hylith the Cleaver (level 11, -4/103 HPs)
             Began as a Deep Dwarf Fighter on May 13, 2019.
             Was an Elder of Makhleb.
             Slain by an eight-headed hydra (5 damage)
             ... on level 11 of the Dungeon.
             The game lasted 00:29:30 (9382 turns).

Hylith the Cleaver (Deep Dwarf Fighter)             Turns: 9382, Time: 00:29:32

Health: -4/103     AC: 17    Str: 21    XL:     11   Next: 36%
Magic:  10/10      EV:  5    Int:  9    God:    Makhleb [****..]
Gold:   642        SH: 12    Dex: 13    Spells: 10/10 levels left

rFire    + . .     SeeInvis .   M - +4 mace (holy)
rCold    . . .     Gourm    .   c - +0 shield
rNeg     + . .     Faith    .   D - +0 plate armour
rPois    +         Spirit   .   (no helmet)
rElec    .         Reflect  .   a - +2 ratskin cloak {+Rats rPois rN+ Str-1 Int-1 Dex+1}
rCorr    .         Harm     .   (no gloves)
MR       +....                  (no boots)
Stlth    ..........             (no amulet)
HPRegen  0.00/turn              k - ring of flight
MPRegen  0.12/turn              F - ring of protection from fire

@: non-regenerating
A: damage resistance, heal wounds, sense surroundings 2, no regeneration
a: Heal Wounds, Minor Destruction, Lesser Servant of Makhleb, Major Destruction,
Renounce Religion, Evoke Ratskin, Evoke Flight


You were on level 11 of the Dungeon.
You worshipped Makhleb.
Makhleb was greatly pleased with you.
You were not hungry.

You visited 2 branches of the dungeon, and saw 12 of its levels.

You collected 642 gold pieces.

Inventory:

Hand Weapons
 C - a +0 war axe of chopping
 K - a +2 hand axe of electrocution
 M - a +4 mace of holy wrath (weapon)
Missiles
 E - 14 boomerangs (quivered)
Armour
 a - the +2 ratskin cloak (worn) {+Rats rPois rN+ Str-1 Int-1 Dex+1}
   (You found it on level 7 of the Dungeon)

   It affects your strength (-1).
   It affects your intelligence (-1).
   It affects your dexterity (+1).
   It protects you from poison.
   It protects you from negative energy.
 c - a +0 shield (worn)
 D - a +0 plate armour (worn)
Jewellery
 h - an uncursed ring of fire
 k - a ring of flight (left hand)
 F - a ring of protection from fire (right hand)
 L - a +3 amulet of reflection {unknown}
Wands
 p - a wand of iceblast (11)
 x - a wand of random effects (35)
 H - a wand of digging (8)
 I - a wand of enslavement (4)
Scrolls
 g - 3 scrolls of enchant weapon
 j - 3 scrolls of amnesia
 l - 7 scrolls of remove curse
 m - 2 scrolls of magic mapping {unknown}
 n - 5 scrolls of teleportation
 o - 2 scrolls of enchant armour
 q - 2 scrolls of fear {unknown}
 u - 2 scrolls of immolation {unknown}
 w - a scroll of brand weapon {unknown}
 y - 3 scrolls of identify
 B - a scroll of blinking {unknown}
Potions
 b - a potion of agility {unknown}
 d - a potion of might
 e - 3 potions of curing
 i - 4 potions of flight
 s - a potion of resistance {unknown}
 t - a potion of degeneration {unknown}
 v - a potion of lignification {unknown}
 z - a potion of mutation {unknown}
 A - a potion of heal wounds
 G - a potion of haste
Comestibles
 f - 20 rations
 r - a chunk of flesh


   Skills:
 + Level 7.9 Fighting
 + Level 10.7 Axes
 + Level 9.5 Armour
 + Level 9.4 Shields
 + Level 7.1 Invocations
 - Level 4.0 Evocations


You had 10 spell levels left.
You didn't know any spells.
Your spell library contained the following spells:

 Spells                   Type           Power        Failure   Level  Hunger
 Confusing Touch          Hex            #.....       100%        1    ##.....
 Flame Tongue             Conj/Fire      #....        100%        1    ##.....
 Sandblast                Erth           #.....       100%        1    ##.....
 Passwall                 Tmut/Erth      #.......     100%        2    ###....
 Throw Flame              Conj/Fire      #.....       100%        2    ###....
 Confuse                  Hex            #.......     100%        3    ####...
 Conjure Flame            Conj/Fire      #.......     100%        3    ####...
 Gell's Gravitas          Tloc           #.........   100%        3    ####...
 Inner Flame              Hex/Fire       #.......     100%        3    ####...
 Stone Arrow              Conj/Erth      #.....       100%        3    ####...
 Petrify                  Tmut/Erth      #.......     100%        4    #####..
 Sticky Flame             Conj/Fire      #.......     100%        4    #####..
 Fireball                 Conj/Fire      #.........   100%        5    ######.
 Lee's Rapid Deconstruct  Erth           #.........   100%        5    ######.
 Metabolic Englaciation   Hex/Ice        #.........   100%        5    ######.
 Yara's Violent Unravell  Hex/Tmut       #.........   100%        5    ######.


Dungeon Overview and Level Annotations

Branches:
Dungeon (11/15)            Temple (1/1) D:7            Lair (0/6) D:11
    Orc: D:9-12

Altars:
Ashenzari
Dithmenos
Fedhas
Gozag
Hepliaklqana
Makhleb
Okawaru
Trog
Uskayaw
Vehumet
Yredelemnul
Zin
Beogh

Annotations:
D:11 Josephine


Innate Abilities, Weirdness & Mutations

You are resistant to damage.
You can heal yourself by infusing magical energy.
You passively map the area around you.
You do not regenerate.


Message History

The eight-headed hydra bites you!
* * * LOW HITPOINT WARNING * * *
The eight-headed hydra bites you but does no damage.
The eight-headed hydra barely misses you.
The eight-headed hydra bites you!
* * * LOW HITPOINT WARNING * * *
Josephine is engulfed in freezing vapours.
Josephine is infused with unholy energy.
* * * LOW HITPOINT WARNING * * *
Josephine draws life force from you and is healed!
You block the eight-headed hydra's attack.
The eight-headed hydra bites you!
* * * LOW HITPOINT WARNING * * *
The eight-headed hydra barely misses you.
The eight-headed hydra bites you.
* * * LOW HITPOINT WARNING * * *
You block the eight-headed hydra's attack.
The eight-headed hydra bites you but does no damage.
The eight-headed hydra bites you.
You die...

####.#
##....[###. * *
##.#####........
##..#...........#
*,*
#..##.######)...#
, ##§## ,*
#)..... , #§§#
##y##### *
,,,*#§##, #D.# ,
#D# #** #.## ,
#@# .#* #<# ,
#@#.#.......# *,
#W§.#.####### * *
#...§§§#..#
#....#### ##
#..## * *## * * ,
, , *


You could see an eight-headed hydra, Josephine and a wraith.

Vanquished Creatures
  An unseen horror (D:10)
  An elephant (D:11)
  A harpy skeleton (D:10)
  Prince Ribbit (D:7)
  2 hippogriffs
  2 wraiths (D:11)
  15 yaks
  2 hungry ghosts
  A basilisk (D:11)
  A water moccasin (D:11)
  7 orc warriors
  2 sky beasts
  3 ice beasts
  A phantom (D:9)
  5 ogres
  4 centaurs
  A crocodile (D:11)
  9 bullfrogs
  3 scorpions
  26 killer bees
  12 wights
  2 bullfrog zombies
  7 crimson imps
  A bullfrog skeleton (D:4)
  2 centaur zombies
  A hound (D:9)
  9 orc priests
  2 centaur skeletons
  An iguana (D:4)
  4 orc wizards
  A hell rat (D:7)
  2 worker ants
  A hound skeleton (D:6)
  2 worker ant zombies
  A gnoll (D:1)
  A howler monkey skeleton (D:7)
  6 adders
  6 river rats (D:7)
  3 shadow imps
  An ooze (D:1)
  3 dart slugs
  4 leopard geckos
  53 orcs
  5 giant cockroaches
  10 hobgoblins
  16 jackals
  3 kobolds
  3 quokkas
  A ball python (D:1)
  10 bats
  5 frilled lizards
  13 goblins
  A leopard gecko skeleton (D:7)
  A quokka skeleton (D:6)
  18 rats
299 creatures vanquished.

Notes
Turn   | Place    | Note
-------+----------+-------------------------------------------
     0 | D:1      | Hylith the Deep Dwarf Fighter began the quest for the Orb.
     0 | D:1      | Reached XP level 1. HP: 20/20 MP: 1/1
    89 | D:1      | Reached skill level 3 in Axes
    89 | D:1      | Reached XP level 2. HP: 12/27 MP: 2/2
   305 | D:1      | Reached XP level 3. HP: 28/33 MP: 3/3
   357 | D:1      | Reached skill level 4 in Axes
   754 | D:2      | Reached XP level 4. HP: 33/40 MP: 4/4
  1177 | D:3      | Found a hazy altar of Hepliaklqana.
  1210 | D:3      | Reached skill level 5 in Axes
  1699 | D:3      | Found a radiant altar of Vehumet.
  1699 | D:3      | Found an opulent altar of Gozag.
  1730 | D:3      | Noticed a centaur
  1738 | D:3      | Killed a centaur
  1738 | D:3      | Reached skill level 6 in Axes
  1738 | D:3      | Reached XP level 5. HP: 36/46 MP: 5/5
  2237 | D:4      | Reached XP level 6. HP: 24/56 MP: 6/6
  2477 | D:5      | Entered Level 5 of the Dungeon
  2551 | D:5      | Found a basalt altar of Yredelemnul.
  2591 | D:5      | Reached XP level 7. HP: 22/62 MP: 6/6
  3449 | D:6      | Reached skill level 7 in Axes
  4281 | D:7      | Reached skill level 5 in Armour
  4281 | D:7      | Reached skill level 5 in Shields
  4364 | D:7      | Reached XP level 8. HP: 38/73 MP: 6/6
  4638 | D:7      | Reached skill level 5 in Fighting
  4638 | D:7      | Reached skill level 8 in Axes
  4675 | D:7      | Noticed Prince Ribbit
  4707 | D:7      | Killed Prince Ribbit
  4935 | D:7      | Found a staircase to the Ecumenical Temple.
  5033 | Temple   | Entered the Ecumenical Temple
  5126 | Temple   | Became a worshipper of Makhleb the Destroyer
  5316 | D:7      | Gained mutation: You passively map the area around you.
                  | [Deep Dwarf growth]
  5316 | D:7      | Reached XP level 9. HP: 76/81 MP: 7/7
  5393 | D:6      | Got a dazzling leather armour
  5404 | D:6      | Identified the +6 leather armour "Naulaash" {Stlth+} (You
                  | found it on level 6 of the Dungeon)
  5597 | D:7      | Found the +2 ratskin cloak {+Rats rPois rN+ Str-1 Int-1
                  | Dex+1}
  5632 | D:7      | Reached * piety under Makhleb
  6358 | D:8      | Reached skill level 9 in Axes
  6361 | D:8      | Reached skill level 1 in Evocations
  6389 | D:8      | Reached skill level 1 in Invocations
  6854 | D:9      | Reached ** piety under Makhleb
  6966 | D:9      | Reached XP level 10. HP: 58/92 MP: 8/8
  7142 | D:9      | Found a shadowy altar of Dithmenos.
  7513 | D:9      | Reached *** piety under Makhleb
  7520 | D:9      | Found a roughly hewn altar of Beogh.
  7704 | D:9      | Reached skill level 5 in Invocations
  7710 | D:9      | Reached skill level 10 in Axes
  8029 | D:10     | Entered Level 10 of the Dungeon
  8038 | D:10     | Killed an unseen horror
  8409 | D:10     | Reached XP level 11. HP: 81/100 MP: 11/11
  8662 | D:10     | Reached **** piety under Makhleb
  9123 | D:11     | Found a staircase to the Lair.
  9127 | D:11     | Noticed an eight-headed hydra
  9348 | D:11     | Noticed Josephine
  9382 | D:11     | HP: 2/103 [eight-headed hydra (6)]
  9382 | D:11     | Slain by an eight-headed hydra

Levels and vault maps discovered:
D:1:      saegor_arrival_miasma, layout_basic, serial_glass, glass_columns_a,
          glass_columns_c, glass_columns_a, glass_columns_a, glass_columns_a,
          glass_columns_a, glass_columns_c, glass_columns_c
D:2:      layout_rooms
D:3:      layout_basic, gammafunk_temple_overflow_elements,
          overflow_temple_1_default
D:4:      layout_rooms, first_ration, corexii_item_surrounded_by_moat,
          minmay_ruptured
D:5:      layout_loops_ring, basic_altar
D:6:      layout_layer_cave
D:7:      wander_guarded_unrand_ratskin, layout_rooms, lemuel_temple_firewalk_b,
          grunt_ogre_cave, uniq_prince_ribbit1
D:8:      layout_basic
D:9:      layout_basic, nicolae_dithmenos_shadow_blocks, special_room
          [special_room_orc], minivault_25, minmay_misc_feat_nine_boxes
D:10:     layout_basic
D:11:     layout_rooms, david_lair_generic,
          kennysheep_orc_monster_closet_entryway, uniq_josephine
Temple:   dpeg_five_rooms_temple

Skill      XL: |  1  2  3  4  5  6  7  8  9 10 11 |
---------------+----------------------------------+-----
Axes           | 3 4 6 7 8 9 10 | 10.7
Fighting       | 3 4 5 6 7 |  7.9
Armour         | 4 5 6 7 9 |  9.5
Shields        | 4 5 6 7 8 9 |  9.4
Evocations     | 3 4 |  4.0
Invocations    | 3 6 7 |  7.1

Action                   |  1- 3 |  4- 6 |  7- 9 | 10-12 || total
-------------------------+-------+-------+-------+-------++-------
Melee: War axe           |   112 |   135 |   498 |   419 ||  1164
       Hand axe          |       |       |       |    81 ||    81
       Mace              |       |       |       |    17 ||    17
 Abil: Heal Wounds       |     1 |     4 |    13 |     8 ||    26
Evoke: Wand              |       |       |    11 |     7 ||    18
  Use: Scroll            |     2 |     2 |     3 |       ||     7
       Potion            |       |     5 |       |       ||     5
  Eat: Chunk             |       |     6 |    20 |    13 ||    39
       Ration            |       |       |     1 |       ||     1
Armor: Scale mail        |    60 |    37 |       |       ||    97
       Chain mail        |       |    16 |   124 |       ||   140
       Plate armour      |       |       |   155 |   317 ||   472
Dodge: Dodged            |    17 |    41 |    88 |    99 ||   245
Block: Shield            |    48 |    72 |   293 |   320 ||   733

Table legend:
 A = Non-vault XP
 B = Vault XP
 C = Vault XP percentage of total XP
 D = Non-vault monster count
 E = Vault monster count
 F = Vault count percentage of total count
                 A         B        C        D         E       F
            +---------+---------+-------+---------+---------+-------
      Total |   12404 |    2555 |  17.1 |     244 |      55 |  18.4
            +---------+---------+-------+---------+---------+-------
        D:1 |      60 |       0 |   0.0 |      24 |       0 |   0.0
        D:2 |      50 |       0 |   0.0 |      16 |       0 |   0.0
        D:3 |     153 |       0 |   0.0 |      17 |       0 |   0.0
        D:4 |     229 |       4 |   1.7 |      13 |       2 |  13.3
        D:5 |     281 |       0 |   0.0 |       8 |       0 |   0.0
        D:6 |     378 |       0 |   0.0 |      16 |       0 |   0.0
        D:7 |    1638 |     526 |  24.3 |      28 |      23 |  45.1
        D:8 |    1532 |       0 |   0.0 |      33 |       0 |   0.0
        D:9 |    3359 |     610 |  15.4 |      44 |      24 |  35.3
       D:10 |    3198 |       0 |   0.0 |      32 |       0 |   0.0
       D:11 |    1526 |    1415 |  48.1 |      13 |       6 |  31.6
            +---------+---------+-------+---------+---------+-------
